Map: Rooftop Terrace

Players

Dread

  • Race: Protoss Protoss
  • League: Platinum
  • Spawn Location: 1:00

Infamous

  • Race: Protoss Protoss
  • League: Gold
  • Spawn Location: 11:00

iuri

  • Race: Terran Terran
  • Spawn Location: 12:00

Jackwagon

  • Race: Terran Terran
  • Spawn Location: 12:00

NelsonMan

  • Race: Terran Terran
  • Spawn Location: 5:00

Cainovich

  • Race: Terran Terran
  • Spawn Location: 6:00

maicol

  • Race: Terran Terran
  • Spawn Location: 7:00

UltimatePWR

  • Race: Protoss Protoss
  • League: Platinum
  • Spawn Location: 6:00

VOD

Have the link to the VOD?

Description

Time

  • Played on: April 17, 2018, 11:42 a.m.
  • Length: 20:28
Show
View Real Time Build Order
Export as new Build Order

Dread Protoss 

Build Orders:  

Get SALT Encoding   

  12  0:04  Probe  
  13  0:22  Probe  
  14  0:36  Pylon  
  14  0:40  Probe (Chrono Boost)  
  15  0:53  Probe (Chrono Boost)  
  16  1:02  Probe  
  17  1:06  Forge  
  17  1:14  Probe  
  18  1:21  Nexus  
  18  1:33  Pylon  
  18  1:35  Assimilator  
  18  1:41  Assimilator  
  18  1:58  Photon Cannon  
  18  2:04  Photon Cannon  
  18  2:14  Gateway  
  18  2:15  Probe (Chrono Boost)  
  19  2:25  Probe (Chrono Boost)  
  20  2:30  Probe (Chrono Boost)  
  21  2:43  Probe (Chrono Boost)  
  22  2:48  Probe (Chrono Boost)  
  23  2:57  Probe (Chrono Boost)  
  25  2:58  Probe (Chrono Boost)  
  25  3:05  Probe (Chrono Boost)  
  27  3:07  Probe (Chrono Boost)  
  27  3:09  Probe (Chrono Boost)  
  27  3:10  Assimilator  
  28  3:14  Probe  
  28  3:15  Assimilator  
  28  3:17  Cybernetics Core  
  28  3:19  Probe (Chrono Boost)  
  30  3:21  Pylon  
  30  3:22  Pylon  
  31  3:31  Probe (Chrono Boost)  
  31  3:32  Probe (Chrono Boost)  
  32  3:40  Probe x2 (Chrono Boost)  
  34  3:46  Probe (Chrono Boost)  
  36  3:48  Probe (Chrono Boost)  
  36  3:52  Probe  
  37  3:58  Probe  
  38  4:05  Probe  
  39  4:13  Nexus  
  40  4:17  Probe  
  40  4:39  Pylon  
  40  4:40  Assimilator  
  40  4:46  Assimilator  
  40  4:47  Probe (Chrono Boost)  
  40  4:52  Probe (Chrono Boost)  
  42  4:58  Probe (Chrono Boost)  
  44  5:00  Probe (Chrono Boost)  
  44  5:03  Probe (Chrono Boost)  
  44  5:04  Photon Cannon  
  44  5:05  Probe (Chrono Boost)  
  46  5:07  Photon Cannon  
  46  5:11  Photon Cannon  
  46  5:13  Photon Cannon  
  46  5:24  Stargate  
  46  5:30  Stargate  
  46  5:34  Stargate  
  46  5:36  Stargate  
  46  5:41  Photon Cannon  
  46  5:47  Pylon  
  47  5:57  Probe (Chrono Boost)  
  47  5:58  Probe (Chrono Boost)  
  47  6:01  Probe (Chrono Boost)  
  49  6:08  Probe x2 (Chrono Boost)  
  52  6:11  Probe (Chrono Boost)  
  52  6:13  Probe x2 (Chrono Boost)  
  54  6:20  Void Ray x2  
  54  6:21  Probe (Chrono Boost), Void Ray  
  54  6:24  Probe (Chrono Boost), Void Ray  
  54  6:25  Probe (Chrono Boost)  
  73  6:36  Probe (Chrono Boost)  
  73  6:37  Probe (Chrono Boost)  
  73  6:39  Probe (Chrono Boost)  
  76  6:43  Probe x2 (Chrono Boost)  
  76  6:46  Probe (Chrono Boost)  
  79  6:50  Probe x2  
  81  6:56  Protoss Air Weapons Level 1 (Chrono Boost)  
  81  6:57  Probe  
  82  7:02  Probe x2  
  84  7:08  Fleet Beacon  
  84  7:09  Void Ray  
  84  7:10  Void Ray  
  84  7:15  Pylon  
  92  7:17  Pylon  
  92  7:19  Pylon  
  92  7:22  Pylon  
  92  7:24  Pylon  
  92  7:26  Pylon  
  92  7:30  Pylon  
  92  7:34  Pylon  
  92  7:39  Stargate  
  92  7:44  Stargate  
  92  7:47  Stargate  
  92  8:06  Carrier x3  
  92  8:07  Carrier  
  116  8:17  Cybernetics Core  
  116  8:30  Pylon x2  
  116  8:32  Pylon  
  116  8:34  Pylon  
  116  8:38  Carrier x2  
  116  8:39  Protoss Air Weapons Level 2 (Chrono Boost)  
  116  8:40  Protoss Air Armor Level 1 (Chrono Boost)  
  128  8:43  Carrier  
  134  9:00  Protoss Shields Level 1 (Chrono Boost)  
  134  9:38  Carrier x2  
  146  10:12  Carrier x2  
  158  10:25  Protoss Air Armor Level 2 (Chrono Boost)  
  158  11:12  Carrier  
  158  11:13  Carrier x2  
  176  12:25  Carrier x2  
  176  12:26  Protoss Air Weapons Level 3 (Chrono Boost)  
  176  12:28  Nexus  
  188  12:30  Assimilator  
  188  12:32  Carrier, Assimilator  
  188  12:33  Carrier  
  84  13:23  Carrier  
  84  13:24  Carrier x2  
  102  13:46  Probe (Chrono Boost)  
  103  13:51  Carrier  
  110  13:57  Probe (Chrono Boost)  
  110  14:00  Graviton Catapult  
  109  14:07  Protoss Air Armor Level 3 (Chrono Boost)  
  108  14:15  Carrier  
  112  14:37  Tempest x2  
  124  14:44  Pylon  
  124  14:46  Pylon  
  67  15:50  Carrier  
  67  15:51  Carrier  
Show
View Real Time Build Order
Export as new Build Order

Infamous Protoss 

Build Orders: 1 Gate Expand 

Get SALT Encoding   

  12  0:08  Probe  
  13  0:20  Pylon  
  13  0:28  Probe  
  14  0:40  Gateway  
  14  0:42  Probe (Chrono Boost)  
  15  0:52  Probe (Chrono Boost)  
  16  0:57  Probe (Chrono Boost)  
  16  1:01  Assimilator  
  17  1:10  Probe  
  18  1:35  Nexus  
  18  1:45  Pylon  
  18  1:49  Cybernetics Core  
  18  1:50  Probe  
  18  1:55  Assimilator  
  18  2:08  Forge  
  18  2:12  Pylon  
  18  2:26  Warp Gate (Chrono Boost)  
  18  2:42  Probe  
  18  2:43  Pylon  
  19  2:46  Pylon  
  19  2:49  Zealot  
  21  2:53  Probe  
  21  2:54  Probe  
  23  3:11  Stargate  
  23  3:13  Probe  
  23  3:19  Sentry  
  26  3:22  Probe  
  27  3:28  Probe  
  28  3:50  Gateway  
  28  3:53  Pylon  
  28  3:56  Void Ray  
  28  4:00  Probe  
  28  4:02  Probe  
  34  4:13  Probe  
  35  4:23  Probe (Chrono Boost)  
  36  4:26  Probe (Chrono Boost)  
  37  4:35  Pylon, Probe (Chrono Boost)  
  38  4:44  Assimilator  
  38  4:45  Probe (Chrono Boost)  
  40  4:46  Probe (Chrono Boost)  
  40  4:50  Void Ray  
  44  4:58  Gateway  
  44  5:01  Sentry  
  44  5:02  Stalker  
  48  5:08  Probe x2  
  50  5:17  Shield Battery  
  50  5:24  Shield Battery  
  50  5:26  Stalker x2  
  54  5:37  Robotics Facility  
  54  6:12  Void Ray  
  58  6:19  Stalker x2  
  58  6:24  Probe x2  
  64  6:30  Photon Cannon  
  65  6:33  Observer  
  65  6:34  Assimilator  
  65  6:36  Probe  
  66  6:48  Stalker x2, Photon Cannon  
  66  6:49  Stalker  
  66  6:51  Protoss Air Weapons Level 1 (Chrono Boost)  
  72  7:00  Observer  
  73  7:12  Probe  
  73  7:13  Probe  
  75  7:22  Zealot  
  77  7:33  Pylon x2  
  77  7:38  Pylon  
  77  7:40  Photon Cannon  
  77  7:44  Photon Cannon  
  77  7:51  Void Ray (Chrono Boost)  
  81  7:59  Immortal  
  85  8:06  Twilight Council  
  85  8:16  Nexus  
  85  8:19  Pylon  
  85  8:20  Pylon  
  85  8:22  Stalker x2  
  85  8:23  Sentry  
  90  8:40  Void Ray (Chrono Boost)  
  94  8:53  Immortal (Chrono Boost)  
  98  9:04  Photon Cannon  
  98  9:06  Photon Cannon  
  98  9:09  Charge (Chrono Boost)  
  98  9:12  Pylon, Protoss Shields Level 1 (Chrono Boost), Phoenix (Chrono Boost)  
  98  9:28  Stargate  
  98  9:51  Probe x2  
  98  9:52  Probe  
  101  9:55  Assimilator  
  101  10:00  Assimilator  
  101  10:03  Probe, Photon Cannon  
  101  10:05  Shield Battery  
  102  10:08  Pylon  
  102  10:10  Pylon  
  74  10:34  Stalker x2  
  74  10:35  Stalker  
  69  10:37  Immortal  
  69  10:38  Void Ray  
  69  10:41  Void Ray  
  81  10:50  Probe  
  81  10:51  Probe x2  
  84  11:03  Probe  
  85  11:15  Stalker, Fleet Beacon  
  85  11:16  Sentry x2  
  91  11:25  Void Ray x2  
  99  11:36  Probe x2 (Chrono Boost)  
  99  11:37  Probe (Chrono Boost)  
  102  11:48  Probe (Chrono Boost)  
  102  11:49  Protoss Shields Level 2  
  102  11:53  Probe x2 (Chrono Boost)  
  105  11:55  Pylon  
  105  11:59  Photon Cannon, Protoss Air Armor Level 1 (Chrono Boost)  
  105  12:00  Probe  
  106  12:02  Photon Cannon  
  106  12:10  Immortal  
  110  12:17  Anion Pulse-Crystals (Chrono Boost)  
  110  12:24  Colossus  
  110  12:49  Carrier (Chrono Boost)  
  122  12:51  Carrier (Chrono Boost)  
  122  13:01  Probe x3  
  122  13:05  Stargate  
  104  13:26  Probe x3  
  107  13:35  Immortal  
  107  13:40  Stalker  
  113  13:42  Zealot x2, Blink (Chrono Boost)  
  117  14:03  Nexus  
  117  14:05  Pylon  
  117  14:07  Pylon  
  117  14:08  Void Ray (Chrono Boost)  
  117  14:09  Pylon  
  121  14:35  Carrier (Chrono Boost)  
  121  14:37  Carrier (Chrono Boost)  
  127  14:38  Templar Archives  
  127  14:42  Immortal  
  137  14:49  Carrier (Chrono Boost)  
  143  15:05  Probe  
  143  15:06  Probe x2  
  121  15:36  Stalker x3  
  106  15:57  Carrier (Chrono Boost)  
  106  16:02  Immortal  
  122  16:05  High Templar x3  
  122  16:06  Carrier (Chrono Boost)  
  128  16:25  Carrier (Chrono Boost)  
  134  16:44  Assimilator  
  134  17:03  Archon  
  88  17:46  Stalker x3  
  88  17:49  Carrier (Chrono Boost)  
  88  17:50  Carrier x2 (Chrono Boost)  
  102  18:57  Assimilator x2  
  102  18:58  Pylon  
  102  18:59  Pylon x2  
  102  19:01  Pylon  
  102  19:23  Nexus  
  102  19:28  Photon Cannon  
  102  19:35  Photon Cannon  
  102  19:40  Photon Cannon  
  102  19:42  Photon Cannon  
Show
View Real Time Build Order
Export as new Build Order

iuri Terran 

Build Orders:  

Get SALT Encoding   

  12  0:14  Refinery  
  12  0:18  Refinery  
  12  0:37  SCV  
  13  0:59  Supply Depot  
  13  1:04  Supply Depot  
  13  1:07  Supply Depot  
  13  1:11  Supply Depot  
  13  1:16  SCV  
  14  2:29  Command Center  
  14  3:13  Barracks  
  14  3:20  Engineering Bay  
  14  3:29  Engineering Bay  
  14  3:48  SCV  
  15  4:00  SCV  
  16  4:12  SCV  
  17  4:19  Neosteel Frame  
  17  4:24  SCV  
  17  4:30  Hi-Sec Auto Tracking  
  18  4:41  SCV  
  19  4:53  SCV  
  20  5:01  Barracks Tech Lab  
  20  5:05  SCV  
  21  5:09  Ghost Academy  
  21  5:18  SCV  
  22  5:23  SCV  
  23  5:35  SCV  
  20  5:47  SCV  
  17  5:59  SCV  
  19  6:04  SCV  
  19  6:11  SCV  
  19  6:16  SCV  
  21  6:23  SCV  
  22  6:28  SCV  
  23  6:35  SCV  
  24  6:40  SCV  
  25  6:48  SCV  
  25  6:52  SCV  
  27  6:56  Barracks  
  27  7:00  SCV  
  28  7:04  Barracks  
  28  7:16  Barracks  
  28  7:32  Supply Depot  
  28  7:34  Supply Depot  
  28  7:39  Supply Depot  
  28  7:45  Supply Depot  
  28  7:48  Supply Depot  
  28  7:51  Supply Depot  
  28  7:56  Supply Depot  
  28  8:29  Barracks Tech Lab  
  28  8:31  Barracks Tech Lab  
  28  9:13  Barracks Reactor  
  28  9:15  Marauder  
  30  9:18  Marauder  
  30  9:21  Marauder  
  34  9:37  Marauder  
  36  9:39  Marauder  
  36  9:43  Marauder  
  40  9:52  Marine x2  
  42  9:58  Marauder  
  44  10:01  Marauder  
  44  10:04  Marauder  
  48  10:09  Marine  
  48  10:10  Marine  
  50  10:19  Marauder  
  52  10:22  Marauder  
  52  10:25  Marauder  
  52  10:27  Marine x2  
  58  10:41  Marauder  
  60  10:43  Marauder  
  60  10:45  Marine x2  
  60  10:47  Marauder  
  66  11:03  Marine x2, Missile Turret  
  68  11:12  Missile Turret  
  68  11:15  Missile Turret  
  68  11:21  Marine x2, Missile Turret  
  70  11:25  Missile Turret  
  70  11:27  Missile Turret  
  70  11:33  Missile Turret  
  70  11:37  Missile Turret  
  70  11:39  Marine x2  
  72  11:40  Missile Turret  
  72  11:44  Missile Turret  
  72  11:49  Missile Turret  
  72  11:54  Missile Turret  
  72  12:08  Missile Turret  
  72  12:13  Missile Turret  
  72  12:18  Missile Turret  
  72  12:25  Marine  
  72  12:26  Marine  
  72  12:29  Ghost  
  74  12:31  Ghost  
  74  12:33  Ghost  
  80  12:43  Marine x2  
  82  12:58  Ghost  
  82  13:00  Ghost  
  82  13:01  Marine x2  
  82  13:02  Ghost  
  90  13:06  Missile Turret  
  90  13:10  Missile Turret  
  90  13:14  Missile Turret  
  90  13:19  Marine x2  
  92  13:23  Missile Turret  
  92  13:27  Missile Turret  
  92  13:34  Terran Infantry Weapons Level 1  
  92  13:35  Terran Infantry Armor Level 1  
  92  13:57  Ghost  
  92  13:59  Ghost  
  92  14:02  Ghost  
  98  14:26  Ghost  
  98  14:31  Ghost  
  100  14:34  Marine  
  100  14:36  Marine x2  
  105  14:51  Marine  
  106  14:54  Marine x2, Ghost  
  106  14:59  Ghost  
  112  15:09  Marine  
  112  15:12  Marine x2  
  115  15:15  Missile Turret  
  115  15:17  Missile Turret  
  115  15:21  Missile Turret  
  115  15:27  Marine  
  116  15:29  Marine  
  116  15:30  Marine  
  118  16:08  Missile Turret  
  118  16:41  Supply Depot  
  118  16:49  Supply Depot  
  118  16:54  Supply Depot  
  118  17:02  Ghost x2  
  118  17:03  Marine  
  123  17:31  Ghost x2  
  123  17:35  Supply Depot  
  127  17:38  Supply Depot  
  127  17:43  Supply Depot  
  127  17:59  SCV  
  128  18:10  Marine x2  
  128  18:11  SCV  
  131  18:14  Ghost  
  131  18:16  Ghost  
  135  18:20  Reaper  
  136  18:28  Marine x2  
  120  18:42  Ghost  
  120  18:45  Ghost  
  120  18:46  Marine x2  
  124  18:52  Reaper  
  125  19:00  Command Center  
  125  19:04  Marine x2  
  126  19:24  Reaper  
  127  19:56  Reaper  
  36  20:28  Missile Turret  
Show
View Real Time Build Order
Export as new Build Order

Jackwagon Terran 

Build Orders:  

Get SALT Encoding   

  12  0:01  SCV  
  13  0:13  SCV  
  14  0:23  Supply Depot  
  14  0:25  SCV  
  15  0:32  Refinery  
  15  0:47  Barracks  
  15  0:57  Barracks  
  15  1:04  SCV  
  16  1:09  Refinery  
  16  1:16  SCV  
  17  1:28  SCV  
  18  1:35  Marine  
  19  1:41  Orbital Command  
  19  1:50  Barracks Tech Lab  
  19  2:05  Barracks Reactor  
  19  2:10  Supply Depot  
  19  2:15  Factory  
  19  2:32  Supply Depot  
  19  2:34  Marine  
  19  2:35  Combat Shields  
  20  2:44  Marine  
  20  2:45  Marine  
  22  2:59  SCV, Engineering Bay  
  23  3:08  Widow Mine  
  25  3:27  Command Center  
  25  3:55  Starport, SCV  
  26  3:56  Starport  
  26  4:01  Missile Turret  
  26  4:12  Armory  
  26  4:17  SCV  
  27  4:30  Missile Turret, SCV  
  28  4:33  Starport Reactor  
  28  4:36  Starport Reactor  
  28  5:01  Terran Infantry Weapons Level 1  
  28  5:02  Terran Ship Weapons Level 1  
  28  5:08  Widow Mine  
  28  5:11  Viking  
  28  5:12  Viking  
  34  5:19  Orbital Command  
  34  5:27  Marine x3  
  37  5:40  Widow Mine  
  39  5:45  Supply Depot  
  39  5:52  SCV  
  39  5:55  Viking  
  42  6:01  Viking  
  44  6:21  Viking  
  44  6:24  Viking  
  48  6:33  Viking  
  48  6:35  Viking  
  48  6:36  SCV  
  53  6:40  Supply Depot  
  53  6:45  Refinery  
  53  6:48  SCV  
  53  6:53  Viking  
  56  6:56  Terran Vehicle And Ship Armor Level 1  
  56  7:04  Viking  
  58  7:08  Missile Turret  
  58  7:10  SCV  
  59  7:21  Viking  
  59  7:22  SCV  
  62  7:27  Viking  
  64  7:35  SCV  
  65  7:42  Refinery  
  65  7:45  Viking  
  65  7:47  SCV, Viking  
  70  7:56  Supply Depot  
  70  8:10  Supply Depot  
  70  8:18  Widow Mine, Viking x2  
  76  8:28  Viking  
  76  8:31  Viking  
  80  8:34  Supply Depot  
  80  8:56  Viking  
  80  8:57  Viking  
  80  8:58  Viking  
  86  9:03  Terran Ship Weapons Level 2  
  86  9:37  Viking x2  
  90  9:39  Viking x2  
  94  9:46  Supply Depot  
  92  10:15  Viking x2  
  72  10:34  Viking x2  
  60  10:48  Viking  
  62  10:51  Viking  
  64  10:58  SCV  
  65  11:10  SCV  
  66  11:16  Viking  
  66  11:17  Viking  
  70  11:19  Terran Vehicle And Ship Armor Level 2  
  70  11:25  Viking  
  72  11:27  Viking  
  74  11:34  SCV  
  75  11:44  Terran Infantry Armor Level 1  
  75  11:46  Viking  
  77  11:47  Viking  
  79  12:00  Viking  
  79  12:01  Viking  
  83  12:16  Viking  
  83  12:17  Viking  
  83  12:21  Marine x3  
  90  12:33  Factory Tech Lab  
  90  12:43  Viking x2  
  94  12:51  Supply Depot  
  94  13:01  Viking x2  
  90  13:20  Viking x2  
  94  13:44  Viking x2  
  94  13:48  Terran Ship Weapons Level 3  
  98  13:51  Viking  
  98  13:52  Viking  
  93  14:27  Viking  
  93  14:28  Viking  
  93  14:29  Viking  
  96  14:39  Viking  
  98  15:05  Viking x2  
  98  15:48  Viking x2  
  98  15:49  Viking x2  
  46  16:26  Viking x4  
  54  16:56  Viking x4  
  62  18:00  Command Center  
  3  19:26  SCV  
  4  19:38  SCV  
  4  19:43  Supply Depot  
  5  19:51  SCV  
  6  20:03  SCV  
Show
View Real Time Build Order
Export as new Build Order

NelsonMan Terran 

Build Orders:  

Get SALT Encoding   

  12  0:20  SCV  
  13  0:28  Supply Depot  
  13  0:32  SCV  
  14  0:44  SCV  
  15  0:53  Barracks  
  15  0:56  SCV  
  16  1:08  SCV  
  17  1:17  Engineering Bay  
  17  1:20  SCV  
  18  2:06  Refinery  
  18  2:07  Refinery  
  19  2:08  SCV  
  19  2:17  Marine  
  19  2:20  Command Center, SCV  
  21  2:32  SCV  
  22  2:46  SCV  
  23  3:00  Command Center  
  23  3:13  Factory  
  23  3:31  SCV  
  24  3:36  SCV  
  25  3:43  SCV  
  25  3:48  SCV  
  27  3:51  Barracks Tech Lab  
  28  3:55  SCV  
  28  3:58  Factory Tech Lab  
  28  4:00  SCV  
  29  4:07  SCV  
  29  4:08  Sensor Tower  
  30  4:11  SCV  
  30  4:12  SCV  
  32  4:19  SCV  
  32  4:20  Refinery  
  32  4:23  SCV  
  34  4:24  SCV  
  34  4:29  Refinery  
  35  4:32  SCV  
  35  4:33  Refinery  
  35  4:36  Refinery  
  36  4:54  Missile Turret  
  36  4:55  Missile Turret  
  36  5:00  Missile Turret  
  36  5:01  Missile Turret  
  36  5:02  SCV x3  
  36  5:05  Siege Tank  
  42  5:14  SCV x2  
  44  5:22  Starport  
  44  5:24  SCV  
  44  5:25  Starport  
  44  5:26  SCV  
  46  5:28  SCV  
  47  5:36  SCV  
  47  5:41  Armory x2  
  48  5:49  SCV  
  49  5:50  SCV x2  
  51  6:06  Supply Depot  
  51  6:13  Supply Depot  
  51  6:14  Supply Depot  
  51  6:15  Supply Depot, Starport Tech Lab  
  51  6:16  Supply Depot, Starport Tech Lab  
  51  6:25  Starport  
  51  6:26  Starport  
  51  6:27  Siege Tank  
  51  6:31  Supply Depot  
  54  6:42  SCV x2  
  54  6:43  SCV  
  57  6:54  SCV  
  57  6:55  SCV x2  
  60  7:03  Fusion Core  
  60  7:06  Starport Tech Lab x2  
  60  7:10  Terran Vehicle And Ship Armor Level 1  
  60  7:11  Terran Ship Weapons Level 1  
  60  7:19  Orbital Command x3  
  60  7:43  Starport  
  60  7:44  Starport  
  60  7:57  Battlecruiser  
  60  7:58  Battlecruiser  
  72  8:04  Battlecruiser  
  78  8:32  Battlecruiser  
  84  8:36  Starport Tech Lab x2  
  84  8:58  Battlecruiser  
  84  9:01  Battlecruiser  
  96  9:09  Battlecruiser  
  102  9:13  Supply Depot x3  
  102  9:15  Supply Depot  
  102  9:16  Supply Depot  
  102  9:49  Battlecruiser  
  102  9:50  Battlecruiser  
  114  9:54  Battlecruiser  
  113  10:46  Battlecruiser  
  113  10:47  Battlecruiser  
  125  10:50  Terran Vehicle And Ship Armor Level 2  
  125  10:52  Terran Ship Weapons Level 2  
  125  11:11  Battlecruiser  
  131  11:26  Weapon Refit  
  131  11:50  Battlecruiser  
  95  13:23  Terran Vehicle And Ship Armor Level 3  
  95  13:24  Terran Ship Weapons Level 3  
  95  13:26  Battlecruiser  
  95  13:27  Battlecruiser  
  107  13:28  Battlecruiser x2  
  119  13:53  Battlecruiser  
  125  14:00  Battlecruiser  
  131  14:05  Command Center  
  131  14:07  Refinery x2  
  89  16:42  Battlecruiser x6  
  116  17:46  Battlecruiser x5  
  146  17:53  Supply Depot x2  
  146  17:54  Supply Depot x2  
  146  17:55  Supply Depot  
  146  17:58  Supply Depot  
  146  18:14  Battlecruiser  
  146  18:18  Supply Depot x2  
  152  18:37  Command Center  
  152  18:39  Refinery  
Show
View Real Time Build Order
Export as new Build Order

Cainovich Terran 

Build Orders: Command Center First (CC) 

Get SALT Encoding   

  12  0:08  SCV  
  13  0:23  Supply Depot  
  13  0:38  Supply Depot  
  13  0:47  Supply Depot  
  13  1:01  Supply Depot  
  13  1:07  SCV  
  13  1:10  Supply Depot  
  14  1:19  SCV  
  14  1:24  Refinery  
  15  1:31  SCV  
  16  1:43  SCV  
  17  1:55  Command Center  
  17  2:01  SCV  
  18  2:13  SCV  
  19  2:16  Barracks  
  19  2:21  Refinery  
  19  2:26  SCV  
  20  2:38  SCV  
  21  2:50  SCV  
  22  3:03  SCV  
  23  3:08  Barracks Reactor, Refinery  
  23  3:14  Barracks Reactor  
  23  3:15  SCV  
  24  3:20  Factory  
  24  3:21  SCV  
  25  3:31  Orbital Command  
  25  3:32  Refinery  
  25  3:33  SCV  
  26  3:45  SCV  
  27  3:55  Marine x2  
  28  3:57  SCV  
  30  4:06  Engineering Bay  
  30  4:07  Factory Tech Lab  
  30  4:09  SCV  
  31  4:13  Marine  
  32  4:21  SCV  
  32  4:22  Marine  
  34  4:31  Marine  
  35  4:34  SCV  
  36  4:46  SCV  
  36  4:47  Siege Tank  
  40  4:58  SCV  
  41  5:10  SCV  
  41  5:13  Missile Turret  
  42  5:19  Siege Tank  
  45  5:22  SCV  
  46  5:33  Missile Turret  
  46  5:34  SCV  
  47  5:46  SCV  
  48  5:50  Missile Turret  
  48  5:54  Missile Turret  
  48  5:58  SCV  
  49  6:10  SCV  
  50  6:12  Missile Turret  
  50  6:14  Missile Turret  
  50  6:22  SCV  
  50  6:25  Siege Tank  
  54  6:27  Marine x2  
  56  6:34  Missile Turret  
  56  6:35  Missile Turret, SCV  
  57  6:47  SCV x2  
  59  6:55  Missile Turret  
  59  6:56  Missile Turret  
  59  6:57  Command Center  
  59  6:59  SCV x2  
  61  7:06  Starport  
  61  7:11  SCV  
  62  7:17  Starport  
  62  7:18  Missile Turret  
  62  7:20  Missile Turret  
  62  7:22  Starport  
  62  7:26  Starport  
  62  7:39  Missile Turret  
  62  7:42  Missile Turret  
  62  7:49  Starport Reactor  
  62  7:54  Starport Reactor  
  62  7:57  Missile Turret  
  62  7:59  Starport Reactor  
  62  8:03  Starport Reactor  
  62  8:16  SCV, Refinery  
  62  8:18  Missile Turret  
  63  8:28  SCV  
  63  8:29  Orbital Command  
  64  8:38  Viking x2  
  64  8:39  Missile Turret, Refinery, Viking x4  
  64  8:40  SCV  
  77  8:52  SCV  
  78  9:02  Missile Turret  
  78  9:12  Viking  
  78  9:13  Viking x6  
  78  9:14  Viking  
  94  9:24  Missile Turret  
  94  9:42  Viking  
  94  9:43  Viking x5  
  94  9:45  Missile Turret  
  106  10:07  Missile Turret  
  90  10:28  Missile Turret  
  88  10:43  Viking x3  
  88  10:44  Viking x5  
  104  10:58  SCV  
  105  11:10  SCV  
  106  11:13  Viking x3  
  106  11:14  Viking x5  
  122  11:19  Supply Depot  
  122  11:22  SCV  
  123  11:32  Armory  
  123  11:33  Armory  
  123  11:34  SCV  
  124  11:41  Supply Depot  
  124  11:43  Viking x4  
  124  11:46  SCV, Viking  
  135  12:04  Supply Depot  
  135  12:10  Viking x3  
  135  12:13  Viking  
  143  12:15  Viking  
  143  12:16  Viking x3  
  151  12:25  Terran Ship Weapons Level 1  
  151  12:26  Terran Vehicle And Ship Armor Level 1  
  151  12:27  Supply Depot  
  151  12:51  Supply Depot  
  149  13:13  Supply Depot  
  145  13:43  Viking x6  
  145  13:44  Viking x2  
  161  14:12  Viking  
  161  14:13  Viking x5  
  167  14:35  Viking x2  
  171  14:40  Terran Ship Weapons Level 2  
  171  14:41  Terran Vehicle And Ship Armor Level 2  
  171  14:42  Viking  
  171  14:43  Viking x5  
  183  15:05  Viking x2  
  187  15:12  Viking  
  187  15:13  Viking x5  
  195  15:35  Viking  
  145  16:27  Viking x2  
  145  16:28  Viking x6  
  157  16:57  Viking x2  
  157  16:58  Viking x6  
  171  17:27  Viking x3  
  171  17:28  Viking  
Show
View Real Time Build Order
Export as new Build Order

maicol Terran 

Build Orders:  

Get SALT Encoding   

  12  0:12  Refinery  
  12  0:14  Refinery  
  12  0:21  SCV  
  13  0:33  SCV  
  14  0:39  Supply Depot  
  14  0:45  SCV  
  15  1:18  Barracks  
  15  1:20  SCV  
  15  1:24  Barracks  
  16  1:32  SCV  
  17  1:38  Supply Depot  
  17  1:44  SCV  
  18  1:56  SCV  
  19  2:08  Barracks Reactor  
  19  2:09  SCV  
  20  2:19  Engineering Bay  
  20  2:21  Reaper, SCV  
  22  2:33  Supply Depot, SCV  
  23  2:46  Reaper x2  
  25  3:07  SCV  
  25  3:09  Barracks Reactor  
  26  3:18  Reaper  
  26  3:19  SCV  
  28  3:23  Reaper  
  29  3:33  Command Center  
  29  3:51  Refinery  
  29  3:53  Reaper  
  29  3:54  Reaper x2  
  32  3:55  Reaper  
  33  4:04  SCV  
  34  4:12  Sensor Tower  
  34  4:16  SCV  
  35  4:43  Sensor Tower  
  35  4:51  Factory  
  35  4:55  SCV  
  35  4:58  Refinery  
  36  5:07  SCV  
  37  5:19  SCV x2  
  39  5:31  SCV x2  
  41  5:43  SCV x2  
  42  5:55  SCV x2  
  42  6:07  SCV  
  37  6:23  Starport  
  37  6:28  SCV  
  37  6:29  Starport  
  37  6:31  SCV  
  39  6:38  Command Center  
  39  6:40  SCV  
  39  6:43  SCV  
  39  6:44  Terran Infantry Weapons Level 1  
  41  6:50  Barracks  
  41  6:52  SCV  
  42  6:55  SCV  
  42  6:57  Starport  
  43  7:04  SCV  
  43  7:05  Barracks  
  43  7:06  Starport Reactor x2  
  44  7:15  Barracks  
  44  7:28  SCV  
  45  7:35  Orbital Command  
  45  7:40  SCV  
  45  7:44  Starport Reactor  
  46  7:52  Supply Depot, Refinery  
  46  7:53  Supply Depot  
  46  8:06  Supply Depot, Barracks Tech Lab  
  46  8:08  Supply Depot  
  46  8:31  Supply Depot  
  46  8:32  Supply Depot  
  46  8:34  Supply Depot  
  46  8:35  Supply Depot  
  46  8:36  Medivac x4  
  46  8:37  Medivac x2  
  46  8:40  Marine x4  
  63  8:48  Barracks Tech Lab  
  62  8:50  Combat Shields  
  62  8:53  Marine  
  63  8:58  Marine x2, SCV  
  63  9:00  Barracks Tech Lab  
  66  9:06  SCV x2  
  68  9:10  SCV  
  69  9:18  Marine x4, SCV  
  69  9:19  SCV  
  69  9:21  Stimpack  
  69  9:22  SCV, Concussive Shells  
  78  9:24  Marauder x2  
  78  9:25  Marauder  
  78  9:31  Medivac x2, SCV  
  83  9:32  Medivac x3  
  83  9:34  SCV  
  94  9:41  Marine x3  
  94  9:42  Marine  
  94  9:45  Marine x3  
  99  9:46  SCV  
  102  9:59  Marine x3  
  105  10:00  Missile Turret  
  105  10:01  Missile Turret  
  105  10:04  Missile Turret  
  105  10:24  Marine x5  
  105  10:25  Marine  
  105  10:26  Missile Turret  
  111  10:28  Missile Turret  
  111  10:29  Terran Infantry Armor Level 1  
  111  10:30  Missile Turret  
  111  10:35  Armory  
  111  11:00  Marine x2  
  111  11:01  Marine x3  
  111  11:02  Marauder x2  
  120  11:18  Marine x3  
  120  11:19  Marine, Marauder  
  120  11:23  Marauder x2, Engineering Bay  
  130  11:29  Refinery  
  130  11:35  Orbital Command  
  130  11:38  Orbital Command  
  130  12:03  Marine x3  
  133  12:08  Missile Turret  
  133  12:12  Missile Turret  
  133  12:13  Missile Turret  
  133  13:04  Marine  
  133  13:14  Marine x2  
  133  13:15  Marine  
  119  13:30  Marine x4  
  119  13:32  Marine  
  119  13:33  Terran Infantry Weapons Level 2  
  124  13:36  Terran Infantry Armor Level 2  
  124  13:52  Marine x2  
  124  13:53  Marine  
  124  13:54  Marauder x3  
  132  15:57  Factory Tech Lab  
  132  16:07  Factory  
  132  16:13  Factory  
  132  16:17  Factory  
  132  16:51  Liberator  
  132  16:52  Liberator  
  132  17:06  Medivac  
  132  17:07  Medivac  
  132  17:08  Medivac x2  
  138  17:13  Factory Tech Lab  
  138  17:14  Factory Tech Lab  
  146  17:21  Supply Depot  
  146  17:22  Factory Tech Lab  
  146  17:25  Siege Tank, Liberator x2  
  155  18:11  Supply Depot  
  155  18:12  Supply Depot  
  155  18:15  Command Center  
  155  18:19  Refinery x2  
  155  18:21  Missile Turret x2  
  155  18:32  Siege Tank  
  155  18:33  Siege Tank  
  161  18:41  Supply Depot, Missile Turret x2  
  161  18:44  Supply Depot  
  161  18:46  Siege Tank  
  161  18:47  Siege Tank  
  167  19:03  Liberator  
  167  19:04  Liberator x2  
  176  19:25  Supply Depot  
  176  19:27  Supply Depot  
Show
View Real Time Build Order
Export as new Build Order

UltimatePWR Protoss 

Build Orders: Cannon Rush 

Get SALT Encoding   

  12  0:03  Probe (Chrono Boost)  
  14  0:15  Probe (Chrono Boost)  
  14  0:24  Pylon  
  14  0:40  Pylon  
  14  0:47  Forge  
  14  0:50  Probe  
  15  1:00  Gateway  
  15  1:14  Probe (Chrono Boost)  
  16  1:21  Photon Cannon  
  16  1:24  Probe (Chrono Boost)  
  17  1:30  Photon Cannon  
  17  1:34  Probe  
  18  1:52  Photon Cannon  
  18  1:55  Probe  
  19  2:14  Nexus  
  19  2:34  Probe (Chrono Boost)  
  21  2:45  Probe (Chrono Boost), Assimilator  
  21  2:52  Assimilator  
  21  3:08  Nexus  
  21  3:11  Pylon  
  21  3:18  Probe  
  21  3:19  Pylon  
  22  3:33  Probe x2  
  24  3:34  Pylon  
  24  3:44  Cybernetics Core  
  24  3:49  Pylon, Probe x2  
  26  4:01  Probe x2  
  28  4:15  Probe x2 (Chrono Boost)  
  30  4:18  Photon Cannon  
  30  4:20  Probe (Chrono Boost)  
  31  4:30  Probe (Chrono Boost)  
  31  4:31  Stargate  
  32  4:36  Robotics Facility  
  32  4:47  Probe x2  
  32  4:48  Probe  
  35  4:58  Photon Cannon  
  37  5:00  Probe (Chrono Boost)  
  37  5:03  Probe x2 (Chrono Boost)  
  38  5:11  Probe (Chrono Boost)  
  39  5:16  Probe (Chrono Boost)  
  39  5:19  Fleet Beacon  
  39  5:20  Pylon  
  40  5:25  Observer  
  40  5:26  Probe  
  42  5:34  Probe x2  
  44  5:38  Probe  
  44  5:39  Assimilator x2  
  45  5:44  Assimilator  
  45  5:46  Assimilator  
  45  5:52  Probe (Chrono Boost)  
  48  6:01  Probe x2 (Chrono Boost)  
  48  6:02  Probe (Chrono Boost), Carrier (Chrono Boost), Observer  
  56  6:18  Probe (Chrono Boost)  
  57  6:29  Probe (Chrono Boost)  
  57  6:32  Observer  
  59  6:34  Probe (Chrono Boost)  
  60  6:40  Probe (Chrono Boost)  
  62  6:48  Probe (Chrono Boost)  
  62  6:50  Probe (Chrono Boost)  
  63  6:56  Probe (Chrono Boost)  
  63  6:58  Probe (Chrono Boost)  
  63  7:01  Probe (Chrono Boost), Stargate x2  
  65  7:03  Stargate  
  65  7:05  Pylon  
  65  7:06  Probe  
  65  7:07  Pylon  
  67  7:11  Pylon  
  67  7:13  Pylon  
  67  7:14  Observer  
  68  7:18  Probe  
  69  7:34  Carrier (Chrono Boost)  
  75  7:37  Probe  
  76  7:46  Stargate  
  76  7:48  Stargate  
  76  7:49  Probe, Carrier (Chrono Boost)  
  77  7:57  Graviton Catapult  
  83  8:08  Cybernetics Core  
  83  8:19  Carrier (Chrono Boost)  
  89  8:42  Carrier x2 (Chrono Boost)  
  101  8:59  Photon Cannon  
  101  9:00  Photon Cannon  
  101  9:03  Pylon  
  101  9:07  Shield Battery x2  
  101  9:11  Shield Battery  
  101  9:13  Pylon  
  101  9:15  Pylon  
  101  9:16  Carrier x2  
  113  9:23  Tempest  
  119  9:36  Photon Cannon  
  119  9:37  Photon Cannon  
  119  9:40  Photon Cannon  
  119  9:43  Shield Battery  
  119  9:44  Shield Battery  
  118  9:50  Observer  
  119  10:11  Tempest x3  
  101  10:40  Carrier  
  101  10:41  Carrier, Protoss Air Weapons Level 1 (Chrono Boost)  
  113  10:52  Nexus  
  113  10:57  Assimilator  
  113  10:58  Assimilator  
  113  11:00  Protoss Shields Level 1  
  113  11:01  Pylon  
  113  11:05  Pylon  
  113  11:20  Protoss Air Armor Level 1 (Chrono Boost), Observer  
  114  11:27  Observer  
  114  11:41  Observer  
  115  12:04  Carrier x3  
  115  12:07  Tempest  
  139  12:21  Photon Cannon  
  139  12:22  Photon Cannon  
  139  12:24  Photon Cannon  
  139  12:27  Shield Battery  
  139  12:28  Shield Battery  
  139  12:29  Protoss Air Weapons Level 2 (Chrono Boost)  
  127  13:19  Tempest x3  
  133  13:31  Protoss Air Armor Level 2  
  133  13:38  Twilight Council  
  133  13:40  Probe x4  
  137  13:43  Tempest x2  
  149  13:52  Probe x2  
Tags
 
Add a new tag
Caveats
  • Supply blocks, unpowered buildings, or Contaminate may cause inaccurate times.
  • Supply counts are checked every 10 seconds.